 Dungeon Crawl Stone Soup version 0.31-a0-743-g45f7035092 (webtiles) character file.

Game seed: 1058384940559001121

234 IdlyInterested the Shield-Bearer (level 5, 0/41 HPs)
             Began as a Demonspawn Fighter on Sept 12, 2023.
             Succumbed to an adder's poison
             ... on level 4 of the Dungeon.
             The game lasted 00:09:12 (3753 turns).

IdlyInterested the Shield-Bearer (DsFi)             Turns: 3753, Time: 00:09:12

Health: 0/41       AC: 19    Str: 17    XL:     5   Next: 75%
Magic:  5/5        EV:  5    Int:  9    God:
Gold:   184        SH:  5    Dex: 14    Spells: 4/4 levels left

rFire   . . .        a - +1 rapier
rCold   . . .        c - +0 buckler
rNeg    . . .        l - +0 plate armour
rPois   .            (helmet restricted)
rElec   .            t - +0 cloak
rCorr   .            (no gloves)
SInv    +            n - +0 pair of boots
Will    .....        (no amulet) Stlth
                     g - +4 ring of protection
HPRegen 0.26/turn    u - ring of see invisible
MPRegen 0.09/turn

%: no passive effects
@: lethally poisoned (0 -> -1), hasted, invisible, very quick
A: antennae 1, yellow scales 1, powered by pain 1
a: no special abilities


You were on level 4 of the Dungeon.
You visited 1 branch of the dungeon, and saw 4 of its levels.

You collected 184 gold pieces.

Inventory:

Hand Weapons
 a - a +1 rapier (weapon)
 o - a +0 long sword
Missiles
 j - 4 boomerangs
 k - 28 stones (quivered)
 p - 2 poisoned darts
Armour
 c - a +0 buckler (worn)
 l - a +0 plate armour (worn)
 n - a +0 pair of boots (worn)
 t - a +0 cloak (worn)
Jewellery
 g - a +4 ring of protection (left hand)
 m - a ring of flight
 u - a ring of see invisible (right hand)
Scrolls
 d - a scroll of fog
 e - 4 scrolls of fear
 h - a scroll of teleportation
 q - a scroll of enchant weapon
Potions
 i - a potion of curing
 r - 2 potions of lignification


   Skills:
 * Level 3.1 Fighting
 - Level 1.7 Short Blades
 - Level 1.0 Throwing
 - Level 3.0 Armour
 + Level 3.5 Dodging
 - Level 1.0 Stealth
 - Level 4.0 Shields


You had 4 spell levels left.
You didn't know any spells.
Your spell library contained the following spells:

 Spells                   Type           Power      Damage    Failure   Level
 Wereblood                Tmut           0%         N/A       100%        2
 Petrify                  Tmut/Erth      0%         N/A       100%        4
 Alistair's Intoxication  Tmut/Pois      0%         N/A       100%        5
 Summon Forest            Summ/Tloc      0%         N/A       100%        5
 Summon Mana Viper        Hex/Summ       0%         N/A       100%        5
 Summon Cactus Giant      Summ           0%         N/A       100%        6


Dungeon Overview and Level Annotations

Branches:
Dungeon (4/15)
 Temple: D:4-7

Altars:
Gozag


Innate Abilities, Weirdness & Mutations

You have a pair of small antennae on your head.
You are partially covered in yellow scales. (AC +2)
You sometimes gain a little power by taking damage.


Message History

You feel sick. The adder barely misses you.
The adder bites you but does no damage.
You hit the adder.
The adder is almost dead.
You feel sick.
The adder bites you but does no damage. x2
The iguana bites you!
* * * LOW HITPOINT WARNING * * *
You fade into invisibility!
The adder closely misses you. The adder completely misses you.
The iguana bites you.
* * * LOW HITPOINT WARNING * * *
The black bear bites you but does no damage.
The black bear claws you but does no damage.
The black bear barely misses you.
You strike the helpless adder from behind!
You hit the adder.
You kill the adder!
* * * LOW HITPOINT WARNING * * *
You feel sick. The adder bites you but does no damage.
The iguana bites you but does no damage.
The black bear bites you but does no damage.
The black bear claws you but does no damage. x2
You strike the helpless black bear from behind!
You puncture the black bear!
The black bear is moderately wounded.
* * * LOW HITPOINT WARNING * * *
You feel sick. You block the adder's attack.
The phantom hits you but does no damage.
The iguana closely misses you. The adder bites you.
* * * LOW HITPOINT WARNING * * *
You barely miss the black bear.
The black bear is moderately wounded.
* * * LOW HITPOINT WARNING * * *
You feel sick. You block the black bear's attack.
The black bear claws you but does no damage. x2
The phantom barely misses you.
Unknown command.
You completely miss the black bear.
The black bear is moderately wounded.
You die...

#...................
#......#............
#...................
#......##...........
#......###..........
####### #....>.....
#...K....(.
##lShr.....
##@W...#.. #######


You could see a black bear (unable to see you), a phantom (unable to see you),
an iguana (unable to see you), an adder (unable to see you), a quokka (unable to
see you) and a kobold (unable to see you).

Vanquished Creatures
  Sigmund (D:2)
  A hound (D:4)
  An orc wizard (D:3)
  A gnoll (D:1)
  5 adders
  An ufetubus (D:3)
  A worm (D:1)
  5 dart slugs
  6 orcs (D:3)
  5 bats
  8 endoplasms
  4 giant cockroaches
  5 goblins
  9 hobgoblins
  3 quokkas
  7 ball pythons
  2 frilled lizards (D:3)
  10 kobolds
  8 rats
83 creatures vanquished.

Notes
Turn   | Place    | Note
-------+----------+-------------------------------------------
     0 | D:1      | IdlyInterested the Demonspawn Fighter began the quest for
                  | the Orb.
     0 | D:1      | Reached XP level 1. HP: 18/18 MP: 1/1
   182 | D:1      | Reached skill level 1 in Dodging
   182 | D:1      | Gained mutation: You are partially covered in yellow
                  | scales. (AC +2) [demonic ancestry]
   182 | D:1      | Reached XP level 2. HP: 14/24 MP: 2/2
   598 | D:1      | Reached XP level 3. HP: 24/29 MP: 3/3
  1185 | D:2      | Noticed Sigmund
  1216 | D:2      | Killed Sigmund
  1217 | D:2      | Gained mutation: You have a pair of small antennae on your
                  | head. [demonic ancestry]
  1217 | D:2      | Reached XP level 4. HP: 9/35 MP: 4/4
  1358 | D:2      | Reached skill level 1 in Throwing
  1727 | D:2      | Reached skill level 3 in Shields
  2032 | D:2      | Got the Discursus on Transmigration
  2542 | D:3      | Found an opulent altar of Gozag.
  2642 | D:3      | Reached skill level 1 in Stealth
  2907 | D:3      | Gained mutation: You sometimes gain a little power by
                  | taking damage. [demonic ancestry]
  2907 | D:3      | Reached XP level 5. HP: 41/41 MP: 5/5
  3705 | D:4      | Noticed a black bear
  3716 | D:4      | Noticed a phantom
  3744 | D:4      | Reached skill level 4 in Shields
  3751 | D:4      | HP: 2/41 [poisoned by an adder]
  3753 | D:4      | Succumbed to an adder's poison

Illustrated notes

Levels and vault maps discovered:
D:1:      dpeg_arrival_brainrot, layout_loops_cross
D:2:      layout_basic, minivault_24, minmay_tromino_v7, uniq_sigmund
D:3:      minmay_thinvault, layout_basic, grunt_gozag_statues,
          skrybe_limestone_x
D:4:      layout_rooms, mainiacjoe_overflow_swirl, serial_shops, shop,
          uniq_robin

Skill      XL: |  1  2  3  4  5 |
---------------+----------------+-----
Armour         | 3 |  3.0
Dodging        | 1 2 3 |  3.5
Throwing       | 1 |  1.0
Shields        | 3 4 |  4.0
Stealth        | 1 |  1.0
Fighting       | |  3.1
Short Blades   | |  1.7

Action                     |  1- 3 |  4- 6 || total
---------------------------+-------+-------++-------
  Melee: Rapier            |   104 |   291 ||   395
  Throw: Stone             |    12 |       ||    12
         Boomerang         |     9 |       ||     9
    Use: Potion            |     1 |     4 ||     5
         Scroll            |       |     7 ||     7
   Stab: Invisible         |       |     2 ||     2
 Armour: Scale mail        |    75 |    29 ||   104
         Plate armour      |       |   282 ||   282
  Dodge: Dodged            |    35 |   111 ||   146
  Block: Buckler           |    16 |    86 ||   102

Table legend: (Time is in decaauts)
 A = Elapsed time spent in this place.
 B = Non-inter-level travel time spent in this place.
 C = Inter-level travel time spent in this place.
 D = Time resting spent in this place.
 E = Time spent auto-exploring this place.
 F = Levels seen in this place.
 G = Mean time per level.
                   A        B        C        D        E       F      G
               +--------+--------+--------+--------+--------+-----+--------+
         Total |   3809 |   3323 |    486 |    338 |   1987 |   4 |  952.2 |
       Dungeon |   3809 |   3323 |    486 |    338 |   1987 |   4 |  952.2 |
               +--------+--------+--------+--------+--------+-----+--------+

Top non-repeatable levels by time:
     D:2: 1425 daAuts
     D:1: 1251 daAuts
     D:3: 1089 daAuts
     D:4: 43 daAuts
